 Dungeon Crawl Stone Soup version 0.30-a0-605-gb2882149bf (webtiles) character file.

Game seed: 10641581852919125710

1151 karrick the Ducker (level 8, -1/64 HPs)
             Began as a Gnoll Gladiator on Jan 7, 2023.
             Was a Follower of Okawaru.
             Succumbed to Duvessa's poison
             ... on level 5 of the Dungeon.
             The game lasted 00:11:15 (3961 turns).

karrick the Ducker (Gnoll Gladiator)                Turns: 3961, Time: 00:11:16

Health: -1/64      AC:  8    Str: 13    XL:     8   Next: 38%
Magic:  1/13       EV: 19    Int:  7    God:    Okawaru [*.....]
Gold:   297        SH:  0    Dex: 17    Spells: 13/13 levels left

rFire   + . .      SeeInvis .    x - +2 dagger (venom)
rCold   . . .      Faith    .    (no shield)
rNeg    . . .      Spirit   +    b - +0 leather armour
rPois   .          Reflect  .    c - +0 helmet
rElec   .          Harm     .    k - +0 cloak
rCorr   .          Rampage  .    (no gloves)
Will    +....                    i - +0 pair of boots
Stlth   ++++                     G - amulet of guardian spirit
HPRegen 0.30/turn                s - ring of willpower
MPRegen 0.13/turn                B - ring of protection from fire

@: lethally poisoned (-1 -> -17), heroic, hasted, very quick
A: fangs 1, strong nose, distributed training
a: Renounce Religion, Heroism


You were on level 5 of the Dungeon.
You worshipped Okawaru.
Okawaru was aware of your devotion.
You visited 1 branch of the dungeon, and saw 5 of its levels.

You collected 297 gold pieces.

Inventory:

Hand Weapons
 a - a +0 war axe
 x - a +2 dagger of venom (weapon)
 F - a +2 antimagic spear
 H - a +1 rapier of holy wrath
Missiles
 d - 3 throwing nets (quivered)
 e - a javelin
 j - 7 boomerangs
Armour
 b - a +0 leather armour (worn)
 c - a +0 helmet (worn)
 i - a +0 pair of boots (worn)
 k - a +0 cloak (worn)
 A - the +2 ring mail "Atufusm" {rF+ rN++ Str+3 Dex-5 Stlth+}
   (You found it on level 3 of the Dungeon)

   Str:       It affects your strength (+3).
   Dex:       It affects your dexterity (-5).
   rF:        It protects you from fire.
   rN:        It greatly protects you from negative energy.
   Stlth:     It makes you more stealthy.
 M - an orb of wrath
Jewellery
 s - a ring of willpower (left hand)
 u - a ring of positive energy
 y - an amulet of magic regeneration
 B - a ring of protection from fire (right hand)
 G - an amulet of guardian spirit (around neck)
Wands
 D - a wand of roots (6)
 I - a wand of charming (11)
Scrolls
 h - 2 scrolls of poison {unknown}
 l - 11 scrolls of identify {unknown}
 m - 3 scrolls of teleportation {unknown}
 n - a scroll of fear {unknown}
 o - 4 scrolls of magic mapping {unknown}
 q - 2 scrolls of enchant armour {unknown}
 t - a scroll of noise {unknown}
 v - 2 scrolls of brand weapon {unknown}
 w - a scroll of torment {unknown}
 C - a scroll of summoning {unknown}
 L - a scroll of fog {unknown}
Potions
 f - a potion of cancellation {unknown}
 g - 2 potions of brilliance
 p - 3 potions of attraction
 E - a potion of curing
 J - a potion of berserk rage {unknown}
 K - a potion of degeneration {unknown}
 N - a potion of lignification {unknown}
 O - a potion of flight {unknown}


   Skills:
 + Level 5.7(10.7) Fighting
 + Level 3.3(8.3) Short Blades
 + Level 3.3(8.3) Long Blades
 + Level 7.4(12.4) Axes
 + Level 3.3(8.3) Maces & Flails
 + Level 3.3(8.3) Polearms
 + Level 3.3(8.3) Staves
 + Level 3.3(8.3) Ranged Weapons
 + Level 5.7(10.7) Throwing
 + Level 3.3(8.3) Armour
 + Level 7.4(12.4) Dodging
 + Level 3.3(8.3) Stealth
 + Level 3.3(8.3) Shields
 + Level 3.3(8.3) Unarmed Combat
 + Level 3.3 Spellcasting
 + Level 2.7 Conjurations
 + Level 2.7 Hexes
 + Level 2.7 Summonings
 + Level 2.7 Necromancy
 + Level 2.7 Translocations
 + Level 2.7 Transmutations
 + Level 2.7 Fire Magic
 + Level 2.7 Ice Magic
 + Level 2.7 Air Magic
 + Level 2.7 Earth Magic
 + Level 2.7 Poison Magic
 + Level 3.7 Invocations
 + Level 3.3 Evocations


You had 13 spell levels left.
You didn't know any spells.
Your spell library contained the following spells:

 Spells                   Type           Power      Damage    Failure   Level
 Scorch                   Fire           10%        2d6       21%         2
 Flame Wave               Conj/Fire      5%         2d5       78%         4
 Summon Cactus Giant      Summ           Unusable   N/A       N/A         6

Dungeon Overview and Level Annotations

Branches:
Dungeon (5/15)
 Temple: D:4-7

Altars:
Elyvilon
Okawaru
Qazlal
Trog
The Shining One

Shops:
D:5 (

Annotations:
D:5 3 runed translucent doors, CorgiPerc's ghost, weakling KoDe; Duvessa


Innate Abilities, Weirdness & Mutations

You have very sharp teeth.
Your uncanny sense of smell can sniff out nearby items.
Your experience applies equally to all skills.


Message History

You hit Duvessa but do no damage.
Duvessa looks as sick as possible!
Duvessa is moderately wounded.
You feel sick. Duvessa misses you.
You hit Duvessa but do no damage.
Duvessa is moderately wounded.
You feel sick. Duvessa misses you.
Okay, then.
You closely miss Duvessa.
Duvessa is moderately wounded.
You feel sick. Duvessa closely misses you.
You barely miss Duvessa.
Duvessa is moderately wounded.
You feel sick.
Duvessa hits you with a +6 short sword of venom!
You are lethally poisoned!
You feel yourself speed up.
* * * LOW HITPOINT WARNING * * *
You feel very sick.
Duvessa hits you with a +6 short sword of venom!
* * * LOW HITPOINT WARNING * * *
You are more poisoned.
You feel much better.
You feel very sick. Duvessa closely misses you.
You feel very sick.
You see here an adder skeleton.
* * * LOW HITPOINT WARNING * * *
You feel very sick. Duvessa attacks as you move away!
Duvessa hits you with a +6 short sword of venom!
* * * LOW HITPOINT WARNING * * *
You are more poisoned.
* * * LOW HITPOINT WARNING * * *
You feel very sick.
It was a potion of curing.
You feel better. Duvessa barely misses you. Duvessa attacks as you move away!
Duvessa hits you with a +6 short sword of venom!
* * * LOW HITPOINT WARNING * * *
You are lethally poisoned!
You die...

...#####.##.#### #.##### #....#
...#.....##....###.# #..#..
.....#####..##.....## #.####
..##.........#####..# #.##
..#.........)# #..########..#
..#..........# #.........#..#
..#..........## ##e######...###
###......#....###..# #.###
###......####.##@.## ####÷##
.........# #.....####.....♣♣ ♣
..##.....# ####.#.##........♣♣ ♣♣
.###.....###.................♣♣♣.
.# #.(....)....##.......≈~≈...♣..
.# #.....########......≈≈~≈≈.....
## #.....# #...........~~♣~~.....
# #.....# #....#......≈≈~≈≈.....
# #.....# #....#.......≈~≈...♣..


You could see Duvessa (berserk, very poisoned).

Vanquished Creatures
  Grinder (D:5)
  Eustachio (D:5)
  2 ogres (D:4)
  A bullfrog (D:4)
  2 scorpions
  Dowan (D:5)
  An orc priest (D:4)
  3 iguanas
  An orc wizard (D:4)
  7 adders
  9 gnolls
  An ufetubus (D:4)
  A worm (D:2)
  3 dart slugs
  12 orcs
  11 ball pythons
  5 bats
  5 endoplasms
  2 giant cockroaches
  9 goblins
  4 hobgoblins
  2 jackals (D:3)
  2 quokkas
  8 frilled lizards
  9 kobolds
  8 rats
111 creatures vanquished.

Notes
Turn   | Place    | Note
-------+----------+-------------------------------------------
     0 | D:1      | karrick the Gnoll Gladiator began the quest for the Orb.
     0 | D:1      | Reached XP level 1. HP: 20/20 MP: 1/1
   150 | D:1      | Reached XP level 2. HP: 22/26 MP: 2/2
   425 | D:1      | Found a faded altar of an unknown god.
   753 | D:2      | Reached XP level 3. HP: 31/31 MP: 3/3
   906 | D:2      | Reached skill level 1 in Invocations
   958 | D:2      | Reached skill level 1 in Short Blades
   958 | D:2      | Reached skill level 1 in Long Blades
   958 | D:2      | Reached skill level 1 in Maces & Flails
   958 | D:2      | Reached skill level 1 in Polearms
   958 | D:2      | Reached skill level 1 in Staves
   958 | D:2      | Reached skill level 1 in Ranged Weapons
   958 | D:2      | Reached skill level 1 in Armour
   958 | D:2      | Reached skill level 1 in Stealth
   958 | D:2      | Reached skill level 1 in Shields
   958 | D:2      | Reached skill level 1 in Unarmed Combat
   958 | D:2      | Reached skill level 1 in Spellcasting
   958 | D:2      | Reached skill level 1 in Evocations
  1080 | D:2      | Reached XP level 4. HP: 38/38 MP: 5/5
  1094 | D:2      | Reached skill level 1 in Conjurations
  1094 | D:2      | Reached skill level 1 in Hexes
  1094 | D:2      | Reached skill level 1 in Summonings
  1094 | D:2      | Reached skill level 1 in Necromancy
  1094 | D:2      | Reached skill level 1 in Translocations
  1094 | D:2      | Reached skill level 1 in Transmutations
  1094 | D:2      | Reached skill level 1 in Fire Magic
  1094 | D:2      | Reached skill level 1 in Ice Magic
  1094 | D:2      | Reached skill level 1 in Air Magic
  1094 | D:2      | Reached skill level 1 in Earth Magic
  1094 | D:2      | Reached skill level 1 in Poison Magic
  1569 | D:3      | Reached XP level 5. HP: 36/43 MP: 7/7
  1743 | D:3      | Identified the +2 ring mail "Atufusm" {rF+ rN++ Str+3 Dex-5
                  | Stlth+}
  2128 | D:4      | Found a stormy altar of Qazlal.
  2198 | D:4      | Noticed an ogre
  2199 | D:4      | Noticed an ogre
  2204 | D:4      | Reached XP level 6. HP: 50/50 MP: 8/8
  2218 | D:4      | Reached skill level 5 in Fighting
  2218 | D:4      | Reached skill level 5 in Throwing
  2242 | D:4      | Reached XP level 7. HP: 15/56 MP: 10/10
  2867 | D:4      | Found a glowing golden altar of the Shining One.
  3179 | D:4      | Found an iron altar of Okawaru.
  3180 | D:4      | Found a bloodstained altar of Trog.
  3193 | D:4      | Became a worshipper of Warmaster Okawaru
  3238 | D:5      | Entered Level 5 of the Dungeon
  3331 | D:5      | Noticed CorgiPerc's ghost (weakling KoDe)
  3356 | D:5      | Found a runed translucent gate.
  3356 | D:5      | Found a runed translucent gate.
  3356 | D:5      | Found a runed translucent gate.
  3447 | D:5      | Found Pezist's Antique Weapon Shoppe.
  3447 | D:5      | Noticed Eustachio
  3471 | D:5      | Killed Eustachio
  3472 | D:5      | Reached XP level 8. HP: 43/63 MP: 8/12
  3564 | D:5      | Found a white marble altar of Elyvilon.
  3599 | D:5      | Noticed Dowan
  3620 | D:5      | Noticed Duvessa
  3660 | D:5      | Noticed Grinder
  3689 | D:5      | Killed Grinder
  3689 | D:5      | Reached * piety under Okawaru
  3889 | D:5      | Killed Dowan
  3961 | D:5      | HP: 2/64 [Duvessa/+6 short sword of venom (10)]
  3961 | D:5      | Succumbed to Duvessa's poison

Illustrated notes

Levels and vault maps discovered:
D:1:      ncdulo_smallfort, layout_basic, hellmonk_ecumenical_altar_arch_garden,
          supply_closet_lemuel, chequers_serial_rivers_large_a,
          minmay_hexomino_f4
D:2:      layout_loops_corners, serial_glass, glass_columns_a, glass_columns_b
D:3:      layout_basic, minmay_fractal_squares_diagonal_5
D:4:      nicolae_cairo_tiling, layout_gridville,
          nicolae_tso_swordbearing_angel, nicolae_qazlal_general_emergency,
          grunt_temple_overflow_bloody_war, minmay_strange_pillars
D:5:      layout_rooms, elyvilon_altar_3, gammafunk_ghost_icy,
          nicolae_stop_n_shop_2, grunt_ministairs_6, uniq_grinder,
          uniq_eustachio, uniq_duvessa

Skill      XL: |  1  2  3  4  5  6  7 |
---------------+----------------------+-----
Invocations    | 1 2 3 |  3.7
Short Blades   | 1 2 3 |  3.3
Long Blades    | 1 2 3 |  3.3
Maces & Flails | 1 2 3 |  3.3
Polearms       | 1 2 3 |  3.3
Staves         | 1 2 3 |  3.3
Ranged Weapons | 1 2 3 |  3.3
Armour         | 1 2 3 |  3.3
Stealth        | 1 2 3 |  3.3
Shields        | 1 2 3 |  3.3
Unarmed Combat | 1 2 3 |  3.3
Spellcasting   | 1 2 3 |  3.3
Evocations     | 1 2 3 |  3.3
Conjurations   | 1 2 |  2.7
Hexes          | 1 2 |  2.7
Summonings     | 1 2 |  2.7
Necromancy     | 1 2 |  2.7
Translocations | 1 2 |  2.7
Transmutations | 1 2 |  2.7
Fire Magic     | 1 2 |  2.7
Ice Magic      | 1 2 |  2.7
Air Magic      | 1 2 |  2.7
Earth Magic    | 1 2 |  2.7
Poison Magic   | 1 2 |  2.7
Fighting       | 5 |  5.7
Throwing       | 5 |  5.7
Axes           | 7 |  7.4
Dodging        | 7 |  7.4

Action                   |  1- 3 |  4- 6 |  7- 9 || total
-------------------------+-------+-------+-------++-------
Melee: War axe           |    80 |   105 |       ||   185
       Bite              |     6 |    13 |    26 ||    45
       Punch             |     1 |       |     5 ||     6
       Dagger            |       |    33 |   153 ||   186
Invok: Heroism           |       |       |     2 ||     2
  Use: Potion            |       |       |     7 ||     7
 Stab: Sleeping          |     2 |     2 |     4 ||     8
Armor: Leather armour    |    17 |    37 |    27 ||    81
Dodge: Dodged            |    69 |   106 |   105 ||   280

Table legend: (Time is in decaauts)
 A = Elapsed time spent in this place.
 B = Non-inter-level travel time spent in this place.
 C = Inter-level travel time spent in this place.
 D = Time resting spent in this place.
 E = Time spent auto-exploring this place.
 F = Levels seen in this place.
 G = Mean time per level.
                   A        B        C        D        E       F      G
               +--------+--------+--------+--------+--------+-----+--------+
         Total |   3951 |   3855 |     96 |    141 |   2789 |   5 |  790.2 |
       Dungeon |   3951 |   3855 |     96 |    141 |   2789 |   5 |  790.2 |
               +--------+--------+--------+--------+--------+-----+--------+

Top non-repeatable levels by time:
     D:4: 1143 daAuts
     D:2: 944 daAuts
     D:5: 684 daAuts
     D:1: 637 daAuts
     D:3: 540 daAuts
